3L
CAPITAL DISTRICT RED KNIGHTS @ LAS VEGAS FLAMINGOS
09/19/2026
 
TOP OF THE 1ST
Capital District Red Knights batting - Pitching for Las Vegas Flamingos : RHP Seung-yeop Kim
Pitching: RHP Seung-yeop Kim
Batting: RHB Danilo Mosca 0-0: Ball
1-0: Ground out 5-3 (Groundball, 56)
Batting: RHB José Paz 0-0: Fly out, F8 (Flyball, 8LM)
Batting: RHB Sergio Ortíz 0-0: Called Strike
0-1: Foul Ball, location: 2F
0-2: Ball
1-2: Ball
2-2: Fly out, F4 (Line Drive, 4)
Top of the 1st over - 0 run(s), 0 hit(s), 0 error(s), 0 left on base; Capital District 0 - Las Vegas 0
BOTTOM OF THE 1ST
Las Vegas Flamingos batting - Pitching for Capital District Red Knights : LHP Myles Wilkerson
Pitching: LHP Myles Wilkerson
Batting: RHB Terry Sylvester 0-0: Ball
1-0: Ball
2-0: Called Strike
2-1: Swinging Strike
2-2: Ball
3-2: Fly out, F5 (Popup, 56S)
Batting: RHB Sake van Arem 0-0: Ball
1-0: Foul Ball, location: 2F
1-1: SINGLE (Line Drive, 4D)
Batting: LHB Chris McKinney 0-0: Swinging Strike
0-1: Swinging Strike
0-2: Ball
1-2: SINGLE (Groundball, 34D)
Sake van Arem to second
Sake van Arem to third
Batting: LHB José Alonso 0-0: Ball
1-0: Foul Ball, location: 2F
1-1: Foul Ball, location: 2F
1-2: Ball
2-2: Ball
3-2: Reached on error, E2 (Popup, 5S)
Sake van Arem scores
Chris McKinney to second
Batting: RHB Xavier Hernández 0-0: Ball
1-0: Called Strike
1-1: Ball
2-1: Grounds into double play, 6-4-3 (Groundball, 6)
Bottom of the 1st over - 1 run(s), 2 hit(s), 1 error(s), 1 left on base; Capital District 0 - Las Vegas 1
TOP OF THE 2ND
Capital District Red Knights batting - Pitching for Las Vegas Flamingos : RHP Seung-yeop Kim
Batting: RHB Barry Dempsey 0-0: Called Strike
0-1: Ball
1-1: Ball
2-1: Foul Ball, location: 2F
2-2: Ball
3-2: Fly out, F7 (Flyball, 7)
Batting: RHB Chris Costa 0-0: Swinging Strike
0-1: Swinging Strike
0-2: Foul Ball, location: 2F
0-2: Fly out, F7 (Flyball, 7D)
Batting: LHB Francisco Sánchez 0-0: Swinging Strike
0-1: Ball
1-1: Ground out 5-3 (Groundball, 56S)
Top of the 2nd over - 0 run(s), 0 hit(s), 0 error(s), 0 left on base; Capital District 0 - Las Vegas 1
BOTTOM OF THE 2ND
Las Vegas Flamingos batting - Pitching for Capital District Red Knights : LHP Myles Wilkerson
Batting: SHB Kunimichi Chikafuji 0-0: Foul Ball, location: 2F
0-1: Ball
1-1: Ball
2-1: Swinging Strike
2-2: Ball
3-2: Foul Ball, location: 2F
3-2: Fly out, F6 (Line Drive, 6)
Batting: RHB Jeff Young 0-0: Fly out, F4 (Popup, 4)
Batting: LHB Emílio Sáenz 0-0: Called Strike
0-1: Foul Ball, location: 2F
0-2: Ground out 4-3 (Groundball, 4M)
Bottom of the 2nd over - 0 run(s), 0 hit(s), 0 error(s), 0 left on base; Capital District 0 - Las Vegas 1
TOP OF THE 3RD
Capital District Red Knights batting - Pitching for Las Vegas Flamingos : RHP Seung-yeop Kim
Batting: RHB Alfonso Enríquez 0-0: Ball
1-0: DOUBLE (Flyball, 89D)
Batting: SHB Bernardo Hernández 0-0: Ball
1-0: Ground out 6-3 (Groundball, 6D)
Batting: LHB Arturo Hernández 0-0: Ball
1-0: Ball
2-0: Ball
3-0: Foul Ball, location: 2F
3-1: Foul Ball, location: 2F
3-2: Fly out, F8 (Flyball, 8RM)
Batting: RHB Danilo Mosca 0-0: Ground out 5-3 (Groundball, 56S)
Top of the 3rd over - 0 run(s), 1 hit(s), 0 error(s), 1 left on base; Capital District 0 - Las Vegas 1
BOTTOM OF THE 3RD
Las Vegas Flamingos batting - Pitching for Capital District Red Knights : LHP Myles Wilkerson
Batting: RHB John Aston 0-0: Ball
1-0: Foul Ball, location: 2F
1-1: Foul Ball, location: 2F
1-2: Fly out, F9 (Flyball, 9)
Batting: RHB Terry Sylvester 0-0: Ball
1-0: Foul Ball, location: 2F
1-1: Foul Ball, location: 2F
1-2: Fly out, F7 (Flyball, 78M)
Batting: RHB Sake van Arem 0-0: Ball
1-0: Ball
2-0: SINGLE (Groundball, 34D)
Batting: LHB Chris McKinney 0-0: Ball
1-0: Called Strike
1-1: Foul Ball, location: 2F
1-2: Fly out, F4 (Popup, 4)
Bottom of the 3rd over - 0 run(s), 1 hit(s), 0 error(s), 1 left on base; Capital District 0 - Las Vegas 1
TOP OF THE 4TH
Capital District Red Knights batting - Pitching for Las Vegas Flamingos : RHP Seung-yeop Kim
Batting: RHB José Paz 0-0: Ball
1-0: Ball
2-0: DOUBLE (Line Drive, 8LD)
Batting: RHB Sergio Ortíz 0-0: Ball
1-0: Called Strike
1-1: Ground out 4-3 (Groundball, 4)
José Paz to third
Batting: RHB Barry Dempsey 0-0: Called Strike
0-1: Swinging Strike
0-2: Fly out, F9 (Flyball, 9)
Runner from 3rd tags up, SCORES, throw made
Batting: RHB Chris Costa 0-0: Ball
1-0: Called Strike
1-1: Ball
2-1: DOUBLE (Flyball, 78XD)
Batting: LHB Francisco Sánchez 0-0: Called Strike
0-1: Swinging Strike
0-2: Strikes out swinging
Top of the 4th over - 1 run(s), 2 hit(s), 0 error(s), 1 left on base; Capital District 1 - Las Vegas 1
BOTTOM OF THE 4TH
Las Vegas Flamingos batting - Pitching for Capital District Red Knights : LHP Myles Wilkerson
Batting: LHB José Alonso 0-0: Called Strike
0-1: Ball
1-1: Swinging Strike
1-2: Ball
2-2: SINGLE (Line Drive, 8RM)
Batting: RHB Xavier Hernández 0-0: Swinging Strike
0-1: Ball
1-1: Foul Ball, location: 2F
1-2: Strikes out swinging
Batting: SHB Kunimichi Chikafuji 0-0: Called Strike
0-1: Ball
1-1: Ball
2-1: Fly out, F7 (Flyball, 78S)
Batting: RHB Jeff Young 0-0: Ball
1-0: Ball
2-0: Ball
3-0: Called Strike
3-1: Base on Balls
José Alonso to second
Batting: LHB Emílio Sáenz 0-0: Swinging Strike
0-1: Foul Ball, location: 2F
0-2: Foul Ball, location: 2F
0-2: Foul Ball, location: 2F
0-2: Ball
Wild Pitch!
José Alonso to third
Jeff Young to second
1-2: Strikes out swinging
Bottom of the 4th over - 0 run(s), 1 hit(s), 0 error(s), 2 left on base; Capital District 1 - Las Vegas 1
TOP OF THE 5TH
Capital District Red Knights batting - Pitching for Las Vegas Flamingos : RHP Seung-yeop Kim
Batting: RHB Alfonso Enríquez 0-0: Called Strike
0-1: Ball
1-1: Ball
2-1: SINGLE (Groundball, 5D)
Batting: SHB Bernardo Hernández 0-0: Sac Bunt - play at first, batter OUT! 1-3
Alfonso Enríquez to second
Batting: LHB Arturo Hernández 0-0: Called Strike
0-1: Ball
1-1: Ball
2-1: Called Strike
Alfonso Enríquez is caught stealing 3rd base
2-2: Foul Ball, location: 2F
2-2: Ground out U3 (Groundball, 34)
Top of the 5th over - 0 run(s), 1 hit(s), 0 error(s), 0 left on base; Capital District 1 - Las Vegas 1
BOTTOM OF THE 5TH
Las Vegas Flamingos batting - Pitching for Capital District Red Knights : LHP Myles Wilkerson
Batting: RHB John Aston 0-0: Ball
1-0: Fly out, F6 (Line Drive, 6)
Batting: RHB Terry Sylvester 0-0: Swinging Strike
0-1: DOUBLE (Groundball, 5L)
Batting: RHB Sake van Arem 0-0: Fly out, F6 (Popup, 6D)
Batting: LHB Chris McKinney 0-0: Ball
1-0: Ground out 4-3 (Groundball, 4)
Bottom of the 5th over - 0 run(s), 1 hit(s), 0 error(s), 1 left on base; Capital District 1 - Las Vegas 1
TOP OF THE 6TH
Capital District Red Knights batting - Pitching for Las Vegas Flamingos : RHP Seung-yeop Kim
Batting: RHB Danilo Mosca 0-0: Called Strike
0-1: SINGLE (Groundball, 6D)
Batting: RHB José Paz 0-0: Sac Bunt - play at first, batter OUT! 1-3
Danilo Mosca to second
Batting: RHB Sergio Ortíz 0-0: Ball
1-0: Called Strike
1-1: Ball
2-1: Fly out, F9 (Flyball, 9S)
Batting: RHB Barry Dempsey 0-0: Called Strike
0-1: Ground out 4-3 (Groundball, 4M)
Top of the 6th over - 0 run(s), 1 hit(s), 0 error(s), 1 left on base; Capital District 1 - Las Vegas 1
BOTTOM OF THE 6TH
Las Vegas Flamingos batting - Pitching for Capital District Red Knights : LHP Myles Wilkerson
Batting: LHB José Alonso 0-0: Called Strike
0-1: Foul Ball, location: 2F
0-2: Ball
1-2: Ball
2-2: Ball
3-2: Foul Ball, location: 2F
3-2: Foul Ball, location: 2F
3-2: Strikes out swinging
Batting: RHB Xavier Hernández 0-0: Ball
1-0: Called Strike
1-1: Ground out 5-3 (Groundball, 56)
Batting: SHB Kunimichi Chikafuji 0-0: Foul Ball, location: 2F
0-1: Foul Ball, location: 2F
0-2: Ball
1-2: Ball
2-2: Fly out, F6 (Popup, 5D)
Bottom of the 6th over - 0 run(s), 0 hit(s), 0 error(s), 0 left on base; Capital District 1 - Las Vegas 1
TOP OF THE 7TH
Capital District Red Knights batting - Pitching for Las Vegas Flamingos : RHP Seung-yeop Kim
Batting: RHB Chris Costa 0-0: Ball
1-0: Called Strike
1-1: Swinging Strike
1-2: Ball
2-2: Ball
3-2: SINGLE (Line Drive, 6MD)
Batting: LHB Francisco Sánchez 0-0: Bunted foul
0-1: Sac Bunt - play at first, batter OUT! 2-4
Chris Costa to second
Pinch Hitting: LHB Mike Cook 0-0: Ball
1-0: Ball
2-0: Called Strike
2-1: Ground out 4-3 (Groundball, 4)
Chris Costa to third
Batting: SHB Bernardo Hernández 0-0: SINGLE (Line Drive, 3D)
Chris Costa scores
Batting: LHB Arturo Hernández 0-0: Swinging Strike
0-1: Ball
1-1: Ball
2-1: SINGLE (Groundball, 34D)
Bernardo Hernández to second
Runner from 2nd tries for 3rd, SAFE, no throw
Batting: RHB Danilo Mosca 0-0: Fielders Choice at 2nd, 6-4 (Groundball, 6)
Top of the 7th over - 1 run(s), 3 hit(s), 0 error(s), 1 left on base; Capital District 2 - Las Vegas 1
BOTTOM OF THE 7TH
Las Vegas Flamingos batting - Pitching for Capital District Red Knights : LHP Myles Wilkerson
Now in RF: Reggie Kahn
Batting: RHB Jeff Young 0-0: Called Strike
0-1: Fly out, F5 (Popup, 5S)
Batting: LHB Emílio Sáenz 0-0: Called Strike
0-1: Ball
1-1: Ball
2-1: Ball
3-1: Fly out, F9 (Flyball, 9S)
Batting: RHB John Aston 0-0: Called Strike
0-1: Ball
1-1: Called Strike
1-2: Foul Ball, location: 2F
1-2: Fly out, F7 (Flyball, 7D)
Bottom of the 7th over - 0 run(s), 0 hit(s), 0 error(s), 0 left on base; Capital District 2 - Las Vegas 1
TOP OF THE 8TH
Capital District Red Knights batting - Pitching for Las Vegas Flamingos : RHP Seung-yeop Kim
Batting: RHB José Paz 0-0: Ball
1-0: Ball
2-0: Fly out, F9 (Flyball, 9LD)
Batting: RHB Sergio Ortíz 0-0: Foul Ball, location: 2F
0-1: Foul Ball, location: 2F
0-2: Ball
1-2: Ball
2-2: Fly out, F4 (Line Drive, 4)
Batting: RHB Barry Dempsey 0-0: Ground out 6-3 (Groundball, 6)
Top of the 8th over - 0 run(s), 0 hit(s), 0 error(s), 0 left on base; Capital District 2 - Las Vegas 1
BOTTOM OF THE 8TH
Las Vegas Flamingos batting - Pitching for Capital District Red Knights : LHP Myles Wilkerson
Batting: RHB Terry Sylvester 0-0: Ball
1-0: Called Strike
1-1: Fly out, F5 (Line Drive, 5S)
Batting: RHB Sake van Arem 0-0: Foul Ball, location: 2F
0-1: Foul Ball, location: 2F
0-2: Foul Ball, location: 2F
0-2: Ball
1-2: SINGLE (Groundball, 56) (infield hit)
Pitching: RHP Oswaldo Mobray
Batting: LHB Chris McKinney 0-0: Ground out 4-3 (Groundball, 34)
Sake van Arem to second
Pitching: RHP Luis Hernández
Batting: LHB José Alonso 0-0: Ball
1-0: Called Strike
1-1: Swinging Strike
1-2: Ball
2-2: Foul Ball, location: 2F
2-2: 2-RUN HOME RUN (Flyball, 9D), Distance : 387 ft
Batting: RHB Xavier Hernández 0-0: Ball
1-0: Ball
2-0: Ball
3-0: Called Strike
3-1: Swinging Strike
3-2: Base on Balls
Pinch Hitting: LHB Victor Adams 0-0: Ball
1-0: Ball
2-0: Called Strike
2-1: Foul Ball, location: 2F
2-2: SINGLE (Flyball, 6MD)
Xavier Hernández to second
Runner from 2nd tries for 3rd, OUT after rundown.
Bottom of the 8th over - 2 run(s), 3 hit(s), 0 error(s), 1 left on base; Capital District 2 - Las Vegas 3
TOP OF THE 9TH
Capital District Red Knights batting - Pitching for Las Vegas Flamingos : RHP Seung-yeop Kim
Pitching: LHP Shunen Takahashi
Now at SS: Job Pels
Batting: RHB Chris Costa 0-0: Foul Ball, location: 2F
0-1: Ball
1-1: SINGLE (Groundball, 6MD)
Batting: LHB Francisco Sánchez 0-0: Sac Bunt - play at first, batter OUT! 3-4
Chris Costa to second
Batting: RHB Reggie Kahn 0-0: Ball
1-0: Swinging Strike
1-1: Ball
2-1: Called Strike
2-2: Ball
3-2: Base on Balls
Batting: SHB Bernardo Hernández 0-0: Swinging Strike
0-1: Swinging Strike
0-2: Strikes out swinging
Batting: LHB Arturo Hernández 0-0: Ball
1-0: Swinging Strike
1-1: Foul Ball, location: 2F
1-2: Ball
2-2: Strikes out swinging
Top of the 9th over - 0 run(s), 1 hit(s), 0 error(s), 2 left on base; Capital District 2 - Las Vegas 3
Monday, March 20th, 2017 - OOTP Baseball 17.12 Build 75